 Dungeon Crawl Stone Soup version 0.29.1-15-g9cfb28693d (webtiles) character file.

Game seed: 5231289863932346548

4141 Gabide the Basher (level 10, -3/102 HPs)
             Began as an Ogre Fighter on Apr 28, 2023.
             Was an Elder of Elyvilon.
             Succumbed to a killer bee's poison
             ... on level 8 of the Dungeon.
             The game lasted 00:11:20 (11462 turns).

Gabide the Basher (Ogre Fighter)                   Turns: 11462, Time: 00:11:21

Health: -3/102     AC:  3    Str: 26    XL:     10   Next: 27%
Magic:  10/10      EV: 10    Int:  9    God:    Elyvilon [****..]
Gold:   163        SH:  5    Dex:  8    Spells: 9/9 levels left

rFire   . . .      SeeInvis +   f - +0 giant club
rCold   . . .      Faith    .   (shield currently unavailable)
rNeg    . . .      Spirit   .   q - +0 animal skin
rPois   .          Reflect  +   (helmet restricted)
rElec   .          Harm     .   (no cloak)
rCorr   .          Rampage  .   (gloves unavailable)
Will    +....                   (boots unavailable)
Stlth   +.........              j - amulet of reflection
HPRegen 0.27/turn               r - ring of see invisible
MPRegen 0.12/turn               (no ring)

@: lethally poisoned (-3 -> -23)
A: large, unfitting armour, tough skin 1
a: Renounce Religion, Purification, Heal Other, Heal Self


You were on level 8 of the Dungeon.
You worshipped Elyvilon.
Elyvilon was greatly pleased with you.
You visited 2 branches of the dungeon, and saw 9 of its levels.

You collected 339 gold pieces.
You spent 176 gold pieces at shops.

Inventory:

Hand Weapons
 a - a +0 flail of freezing
 f - a +0 giant club (weapon)
Armour
 c - a +0 kite shield
 q - a +0 animal skin (worn)
Jewellery
 j - an amulet of reflection (around neck)
 r - a ring of see invisible (left hand)
 B - an amulet of faith
Wands
 d - a wand of paralysis (5)
 p - a wand of polymorph (3)
 A - a wand of flame (7)
 C - a wand of iceblast (4)
Scrolls
 b - 2 scrolls of magic mapping
 g - 3 scrolls of blinking
 h - 2 scrolls of teleportation
 i - a scroll of fear
 n - 2 scrolls of vulnerability
 o - 3 scrolls of poison
 t - 2 scrolls of immolation
 x - 2 scrolls of fog
 y - 2 scrolls of enchant armour
 E - 3 scrolls of identify
Potions
 e - 4 potions of brilliance
 k - 2 potions of flight
 l - a potion of haste
 m - 3 potions of mutation
 u - a potion of cancellation
 z - a potion of attraction
 F - a potion of invisibility {unknown}


   Skills:
 + Level 7.3 Fighting
 - Level 12.0 Maces & Flails
 + Level 5.2 Dodging
 - Level 3.0 Shields


You had 9 spell levels left.
You didn't know any spells.
Your spell library contained the following spells:

 Spells                   Type           Power      Damage    Failure   Level
 Foxfire                  Conj/Fire      0%         2x1d4     38%         1
 Magic Dart               Conj           0%         1d3       38%         1
 Searing Ray              Conj           0%         2d4       52%         2
 Conjure Flame            Conj/Fire      0%         6-21      77%         3
 Ignite Poison            Fire/Tmut/Pois 0%         N/A       77%         3
 Inner Flame              Hex/Fire       0%         N/A       77%         3
 Mephitic Cloud           Conj/Pois/Air  0%         N/A       77%         3
 Flame Wave               Conj/Fire      0%         2d4       99%         4
 Fulminant Prism          Conj/Hex       0%         3d6       99%         4
 Sticky Flame             Conj/Fire      0%         2d3       99%         4
 Freezing Cloud           Conj/Ice/Air   0%         6-21      100%        5


Dungeon Overview and Level Annotations

Branches:
Dungeon (8/15)             Temple (1/1) D:4
   Lair: D:8-11

Altars:
Ashenzari
Cheibriados
Dithmenos
Elyvilon
Fedhas
Gozag
Kikubaaqudgha
Nemelex Xobeh
Okawaru
Qazlal
Ru
Sif Muna
Trog
Vehumet
Wu Jian
Yredelemnul

Shops:
D:1 *   D:4 :   D:6 *   D:7 =   D:8 :


Innate Abilities, Weirdness & Mutations

You are too large for most types of armour.
You have tough skin. (AC +1)


Message History

The killer bee poisons you!
You feel extremely sick. The killer bee closely misses you.
Okay, then.
As you read the scroll of teleportation, it crumbles to dust.
You feel strangely unstable.
You feel very sick. You block the killer bee's attack.
The killer bee stings you.
You are more poisoned.
The killer bee poisons you!
Unknown command.
You feel very sick. The killer bee stings you.
* * * LOW HITPOINT WARNING * * *
You are lethally poisoned!
The killer bee poisons you! The killer bee stings you.
* * * LOW HITPOINT WARNING * * *
The killer bee barely misses you.
The killer bee attacks as you move away!
The killer bee barely misses you.
* * * LOW HITPOINT WARNING * * *
You feel extremely sick. The killer bee barely misses you.
* * * LOW HITPOINT WARNING * * *
You feel very sick. The killer bee barely misses you.
Unknown command.
The killer bee attacks as you move away!
The killer bee stings you.
* * * LOW HITPOINT WARNING * * *
You are more poisoned.
The killer bee poisons you!
The killer bee attacks as you move away!
The killer bee completely misses you.
Your surroundings suddenly seem different.
Found 4 stones.
* * * LOW HITPOINT WARNING * * *
You feel very sick.
It was a potion of magic.
Magic courses through your body.
You die...

#. ## +.. .# #..( ###.##
#### #...###....# #...
#..........# #...
#..........# #...
#..........# ###...
#....@# ####### #.....
........###.....###.....
........##..._...##.....
........#..⌠...8..#.....
........#....#....#.....
........#._.###._.###...
........#..y.##yyy###...
....#...#..⌠..#...#yyy..
##....#..yy.#y[.


There were no monsters in sight!

Vanquished Creatures
  Pikel (D:4)
  Prince Ribbit (D:8)
  Grum (D:8)
  3 water moccasins
  Duvessa (D:7)
  5 ice beasts
  An orc warrior (D:8)
  2 sky beasts (D:7)
  An ogre (D:5)
  A centaur (D:6)
  4 wolves (D:8)
  A lemure (D:4)
  2 kobold brigands
  3 bullfrogs
  A scorpion (D:6)
  3 necrophages
  Dowan (D:7)
  A howler monkey (D:7)
  5 hounds
  7 orc priests
  5 iguanas
  7 orc wizards
  Robin (D:4)
  9 gnolls
  7 adders
  2 shadow imps (D:7)
  A white imp (D:6)
  3 ufetubi
  5 worms
  3 dart slugs
  34 orcs
  6 bats
  5 endoplasms
  5 giant cockroaches
  13 goblins
  9 hobgoblins
  9 jackals
  16 kobolds
  4 quokkas
  10 ball pythons
  A frilled lizard (D:1)
  6 rats
206 creatures vanquished.

Vanquished Creatures (others)
  13 fungi (D:4)
13 creatures vanquished.

Grand Total: 219 creatures vanquished

Notes
Turn   | Place    | Note
-------+----------+-------------------------------------------
     0 | D:1      | Gabide the Ogre Fighter began the quest for the Orb.
     0 | D:1      | Reached XP level 1. HP: 24/24 MP: 1/1
    45 | D:1      | Reached skill level 2 in Maces & Flails
   193 | D:1      | Reached XP level 2. HP: 32/32 MP: 2/2
   440 | D:1      | Found Wepoca's General Store.
   889 | D:1      | Reached skill level 3 in Maces & Flails
  1145 | D:2      | Reached XP level 3. HP: 19/39 MP: 3/3
  1336 | D:2      | You fall into a shaft and drop 1 floor!
  1973 | D:2      | Found a faded altar of an unknown god.
  2163 | D:2      | Reached XP level 4. HP: 26/48 MP: 4/4
  2461 | D:2      | Reached skill level 4 in Maces & Flails
  2902 | D:3      | Reached XP level 5. HP: 43/54 MP: 3/5
  3455 | D:3      | Found the +15 Maxwell's patent armour {-Cast -Tele rElec
                  | Will+ rCorr}
  3675 | D:4      | Noticed Robin
  3695 | D:4      | Reached skill level 5 in Maces & Flails
  3784 | D:4      | Reached XP level 6. HP: 23/62 MP: 6/6
  4052 | D:4      | Found a white marble altar of Elyvilon.
  4062 | D:4      | Became a worshipper of Elyvilon the Healer
  4289 | D:4      | Found a staircase to the Ecumenical Temple.
  4411 | D:4      | Noticed Pikel
  4415 | D:4      | Paralysed by Pikel for 3 turns
  4422 | D:4      | Killed Pikel
  4423 | D:4      | Reached skill level 7 in Maces & Flails
  4423 | D:4      | Reached XP level 7. HP: 30/70 MP: 7/7
  4728 | D:4      | Killed Robin
  4816 | D:4      | Reached skill level 8 in Maces & Flails
  4829 | D:4      | Reached XP level 8. HP: 47/78 MP: 8/8
  5116 | D:4      | Found Suxad's Book Boutique.
  5196 | D:4      | Reached * piety under Elyvilon
  5744 | Temple   | Entered the Ecumenical Temple
  5819 | D:5      | Entered Level 5 of the Dungeon
  6515 | D:5      | Reached skill level 9 in Maces & Flails
  6653 | D:5      | Reached ** piety under Elyvilon
  6721 | D:5      | Identified the +2 leather armour of Starshine {rF+ Stlth+}
  7170 | D:5      | Identified a scroll of acquirement
  7172 | D:5      | Acquired a ring of see invisible
  7316 | D:6      | Found Dacapuoch's Assorted Antiques.
  7347 | D:6      | Bought a scroll of identify for 44 gold pieces
  7347 | D:6      | Bought a scroll of identify for 44 gold pieces
  7347 | D:6      | Bought a scroll labelled ATTICO VAZI for 22 gold pieces
  7347 | D:6      | Bought a scroll of teleportation for 66 gold pieces
  7501 | D:6      | Reached skill level 10 in Maces & Flails
  8122 | D:6      | Reached XP level 9. HP: 84/84 MP: 9/9
  8293 | D:6      | Reached *** piety under Elyvilon
  8558 | D:6      | Reached skill level 11 in Maces & Flails
  8801 | D:7      | Found Uxajucke's Jewellery Shop.
  8961 | D:7      | Noticed Dowan
  8963 | D:7      | Noticed Duvessa
  8971 | D:7      | Killed Duvessa
  8979 | D:7      | Killed Dowan
  9842 | D:7      | Reached skill level 12 in Maces & Flails
 10159 | D:7      | Reached skill level 5 in Fighting
 10369 | D:7      | Reached **** piety under Elyvilon
 10472 | D:8      | Found Dussyfam's Book Boutique.
 10519 | D:8      | Identified the +6 falchion of Piug {flame, rF+ Will+}
 10539 | D:8      | Noticed Prince Ribbit
 10564 | D:8      | Killed Prince Ribbit
 10565 | D:8      | Reached XP level 10. HP: 16/98 MP: 7/10
 11105 | D:8      | Noticed Grum
 11124 | D:8      | Killed Grum
 11125 | D:8      | Reached skill level 5 in Dodging
 11439 | D:8      | Found an iron altar of Okawaru.
 11439 | D:8      | Found a blossoming altar of Fedhas.
 11444 | D:8      | Found a broken altar of Ashenzari.
 11447 | D:8      | Found a shimmering blue altar of Sif Muna.
 11461 | D:8      | HP: 2/102 [poisoned by a killer bee]
 11462 | D:8      | Succumbed to a killer bee's poison

Illustrated notes

Levels and vault maps discovered:
D:1:      dpeg_arrival_solitude, layout_basic, serial_shops, shop_fountains
D:2:      minmay_thinvault, layout_basic, hellmonk_ecumenical_altar_prayer_group
D:3:      layout_loops_ring, st_stairs_4
D:4:      layout_loops_corners, mainiacjoe_overflow_cross_hatched,
          minmay_temple_entry_nine_rooms, serial_shops, shop, bh_walls_and_bars,
          uniq_pikel, uniq_robin
D:5:      layout_loops_ring, hangedman_decor_lopped
D:6:      layout_basic, serial_shops, shop, minmay_misc_feat_rows
D:7:      layout_loops_ring, serial_shops, shop, nrook_mini_vaults,
          minmay_starry_boxes, uniq_duvessa
D:8:      layout_basic, nicolae_overflow_hallway_of_the_gods, lair_entry_dummy,
          serial_shops, shop, chequers_serial_rivers_micro_a,
          minmay_manual_maat, uniq_prince_ribbit1, uniq_grum
Temple:   nicolae_temple_ecumenical_triangle

Skill      XL: |  1  2  3  4  5  6  7  8  9 10 |
---------------+-------------------------------+-----
Maces & Flails | 2 3 4 5 7 8 10 12 | 12.0
Dodging        | 4 5 |  5.2
Fighting       | 6 7 |  7.3
Shields        | |  3.0

Action                   |  1- 3 |  4- 6 |  7- 9 | 10-12 || total
-------------------------+-------+-------+-------+-------++-------
Melee: Flail             |    94 |   155 |   150 |       ||   399
       Giant club        |       |       |   228 |    38 ||   266
Invok: Heal Self         |       |       |     1 |       ||     1
Evoke: Wand              |       |       |     4 |       ||     4
  Use: Scroll            |     6 |     6 |    12 |     1 ||    25
       Potion            |       |     1 |     5 |     3 ||     9
 Stab: Sleeping          |       |     1 |       |       ||     1
       Fleeing           |       |       |     1 |       ||     1
       Paralysed         |       |       |     1 |       ||     1
Armor: Robe              |    23 |    32 |     4 |       ||    59
       Animal skin       |       |       |    41 |     3 ||    44
       Skin              |       |       |       |     3 ||     3
Dodge: Dodged            |    30 |    55 |   134 |    21 ||   240
Block: Kite shield       |    42 |    57 |    73 |       ||   172
       Other             |       |       |    46 |    13 ||    59
